Map: Cactus Valley LE (Void)

Players

PaRaDoX

  • Race: Terran Terran

llllllllllll

  • Race: Terran Terran

Cereal

  • Race: Terran Terran

Empyreus

  • Race: Terran Terran

VOD

Have the link to the VOD?

Description

Time

  • Played on: May 1, 2015, 9:06 p.m.
  • Length: 11:20
Show
View Real Time Build Order
Export as new Build Order

PaRaDoX Terran 

Build Orders: Bio Tank 

Get SALT Encoding   

  12  0:01  SCV  
  13  0:13  SCV  
  14  0:20  Supply Depot  
  14  0:25  SCV  
  15  0:42  SCV, Barracks  
  16  0:54  SCV  
  17  1:06  SCV  
  19  1:18  SCV  
  19  1:30  Marine  
  19  1:31  Orbital Command  
  20  1:38  Command Center  
  20  1:47  Marine  
  20  1:48  Supply Depot  
  21  1:57  SCV  
  22  2:04  Supply Depot  
  22  2:05  Marine  
  23  2:10  SCV, Bunker  
  23  2:11  Refinery  
  23  2:15  Refinery  
  24  2:22  SCV  
  25  2:23  Marine  
  26  2:34  SCV  
  27  2:41  Marine  
  28  2:46  SCV  
  28  2:50  Orbital Command  
  29  2:58  SCV  
  30  3:00  Factory  
  30  3:01  Marine  
  31  3:10  SCV  
  32  3:14  Refinery  
  32  3:17  SCV  
  32  3:19  Barracks Reactor  
  33  3:24  SCV  
  33  3:29  SCV  
  33  3:32  Supply Depot  
  34  3:34  Supply Depot  
  34  3:36  SCV, Engineering Bay  
  35  3:45  Starport  
  35  3:46  Hellion  
  35  3:47  SCV  
  38  3:48  SCV  
  38  3:51  Missile Turret  
  38  3:54  Missile Turret  
  39  3:59  SCV  
  39  4:00  SCV  
  41  4:04  Barracks Tech Lab  
  41  4:13  Hellion x2  
  41  4:15  SCV x2  
  47  4:19  Terran Infantry Weapons Level 1  
  47  4:27  SCV x2  
  49  4:32  Banshee, Cloaking Field, Refinery  
  49  4:33  Refinery  
  49  4:36  Hellion  
  49  4:38  Hellion  
  56  4:39  SCV  
  56  4:43  Barracks Tech Lab  
  56  4:45  SCV  
  58  4:48  Supply Depot  
  58  4:54  SCV  
  58  4:57  SCV  
  60  5:06  SCV  
  61  5:07  Siege Tank  
  61  5:08  Marine x2  
  61  5:11  Barracks  
  61  5:14  SCV  
  67  5:15  Banshee, Supply Depot  
  70  5:23  SCV  
  70  5:26  SCV, Marine x2  
  74  5:31  Barracks  
  74  5:36  SCV  
  74  5:38  SCV  
  76  5:45  Marine  
  76  5:46  Siege Tank, Marine  
  76  5:48  SCV  
  82  5:51  SCV  
  83  6:00  SCV  
  83  6:03  SCV  
  85  6:08  Marine  
  85  6:09  Command Center, Starport Reactor  
  85  6:10  Stimpack  
  86  6:13  Terran Infantry Armor Level 1, Supply Depot  
  86  6:14  Supply Depot  
  86  6:18  Barracks Tech Lab  
  86  6:33  Supply Depot x2  
  86  6:34  Marine  
  86  6:35  SCV x2, Siege Tank  
  86  6:38  Combat Shields, Marine  
  86  6:39  Marine x2  
  95  6:50  SCV x2  
  95  6:52  Marine  
  98  6:54  Medivac  
  98  6:55  Medivac  
  98  6:56  Supply Depot  
  98  6:57  Supply Depot  
  98  7:00  Marine x2  
  98  7:01  Marine  
  102  7:09  SCV x2  
  102  7:10  Marine  
  102  7:18  Marine  
  102  7:19  Command Center  
  103  7:26  Marine x2  
  103  7:28  Marine  
  103  7:29  Medivac x2  
  110  7:35  SCV x2  
  112  7:40  Missile Turret  
  112  7:43  Missile Turret  
  112  7:44  Missile Turret  
  112  7:46  Bunker  
  112  7:48  Barracks x2  
  112  7:49  SCV x2  
  112  7:50  Armory  
  112  7:51  Engineering Bay, Orbital Command  
  114  7:59  Siege Tank  
  114  8:02  Marine x2  
  115  8:06  Marine x2  
  115  8:12  Medivac x2  
  113  8:24  Supply Depot  
  113  8:26  Marine x4  
  114  8:27  Supply Depot  
  114  8:28  SCV  
  114  8:29  SCV  
  114  8:30  SCV  
  117  8:38  Factory x2  
  117  8:41  SCV x2, Barracks Reactor  
  110  8:42  SCV, Barracks Reactor  
  110  8:44  Marine x2  
  109  8:53  SCV  
  109  8:54  Barracks  
  109  8:55  Barracks x2  
  110  8:57  Marine x2  
  110  8:58  SCV  
  110  8:59  SCV  
  110  9:02  Marine x2  
  116  9:03  Orbital Command  
  116  9:07  Missile Turret  
  116  9:14  Marine  
  116  9:15  SCV x2, Marine  
  120  9:19  Marine  
  120  9:22  Marine x4  
  120  9:23  Marine  
  126  9:26  Factory Tech Lab x2  
  126  9:27  SCV x2  
  128  9:32  Marine x2  
  128  9:37  Marine  
  131  9:40  Marine x2  
  131  9:43  Barracks Reactor x2, Bunker  
  131  9:44  Siege Tank, Missile Turret  
  136  9:45  Viking x2  
  136  9:47  Marine x3  
  143  9:55  Starport  
  143  9:58  Siege Tank x2  
  147  10:02  Marine x5  
  147  10:05  Marine x2  
  136  10:08  Orbital Command  
  136  10:11  Barracks Reactor  
  136  10:17  Marine  
  136  10:19  Siege Tank  
  140  10:26  SCV x2, Refinery x3  
  142  10:31  Refinery  
  142  10:32  Refinery  
  142  10:34  Missile Turret, Marine x6  
  142  10:35  Siege Tank, Marine  
  149  10:38  SCV x2  
  149  10:39  Bunker  
  154  10:44  Command Center  
  154  11:00  Marine x8  
  154  11:01  Marine x4  
  169  11:06  Starport Reactor  
Show
View Real Time Build Order
Export as new Build Order

llllllllllll Terran 

Build Orders: Reaper Expand 

Get SALT Encoding   

  12  0:02  SCV  
  13  0:14  SCV  
  14  0:20  Supply Depot  
  14  0:44  SCV  
  14  0:48  Barracks  
  15  0:51  Refinery  
  15  0:56  SCV  
  16  1:08  SCV  
  17  1:21  SCV, Supply Depot  
  18  1:34  Orbital Command  
  18  1:37  Reaper  
  19  1:54  Command Center  
  19  2:02  SCV  
  20  2:12  Factory  
  20  2:20  Marine  
  21  2:24  SCV  
  22  2:36  SCV  
  23  2:39  Marine  
  24  2:48  SCV  
  25  2:56  Supply Depot  
  25  3:00  SCV  
  25  3:02  Hellion  
  25  3:03  Starport  
  28  3:12  SCV  
  29  3:20  Marine  
  29  3:23  Factory Tech Lab  
  30  3:29  SCV  
  30  3:34  Orbital Command  
  30  3:41  Refinery  
  30  3:47  Starport Tech Lab  
  30  3:48  Marine  
  30  3:54  Siege Tank  
  34  3:57  Bunker  
  34  4:04  Command Center  
  34  4:06  SCV  
  34  4:07  SCV  
  36  4:28  Siege Tank  
  39  4:35  SCV x2  
  41  4:42  Medivac  
  43  4:46  Barracks  
  43  4:48  Barracks  
  43  4:50  SCV  
  43  4:51  SCV  
  45  5:01  Barracks Reactor  
  45  5:03  SCV x2  
  47  5:15  SCV x2  
  47  5:16  Command Center  
  47  5:17  Orbital Command  
  49  5:27  SCV  
  50  5:30  Starport Reactor  
  50  5:33  Barracks  
  50  5:34  Barracks x2  
  50  5:35  Barracks Reactor  
  45  5:37  Barracks Reactor  
  45  5:38  Barracks  
  45  5:44  SCV  
  45  5:45  SCV  
  45  5:48  SCV  
  45  5:49  Refinery  
  48  5:51  Refinery  
  48  5:55  Marine x2  
  48  5:57  SCV x2  
  52  5:58  Missile Turret  
  52  6:00  SCV  
  51  6:07  Orbital Command  
  51  6:11  Marine x2  
  48  6:15  Siege Tank  
  48  6:16  Viking, Marine x4  
  57  6:20  Orbital Command  
  57  6:23  Marine x2  
  56  6:29  Stimpack  
  56  6:32  Marine x2  
  53  6:34  Marine x2  
  53  6:41  Missile Turret  
  53  6:47  Barracks Reactor  
  46  6:56  Marine x2  
  46  6:57  Marine x4  
  46  7:00  Barracks Reactor  
  52  7:04  Orbital Command  
  49  7:16  SCV x2  
  49  7:17  SCV  
  49  7:20  Marine x2  
  54  7:25  Barracks Reactor  
  54  7:26  Barracks Tech Lab  
  54  7:28  SCV  
  54  7:29  SCV x2  
  57  7:40  SCV, Marine x6  
  57  7:41  SCV x2  
  57  7:42  Marine  
  67  7:53  SCV x2  
  69  8:03  SCV  
  69  8:05  SCV x2, Orbital Command  
  54  8:15  SCV  
  54  8:17  SCV x2  
  42  8:25  Marine  
  42  8:26  Marine  
  37  8:27  SCV  
  37  8:29  SCV x2  
  38  8:36  SCV  
  38  8:39  SCV  
  35  8:41  SCV x2  
  35  8:45  Marine  
  36  8:53  Marine  
  36  8:54  Marine x2  
  41  9:00  SCV  
  40  9:02  Marine  
  40  9:03  SCV x3, Marine x3  
  47  9:12  SCV  
  47  9:15  SCV x3  
  51  9:17  Marine x6  
  51  9:21  Marine x2  
  51  9:22  Marine x2  
  61  9:24  SCV  
  61  9:27  SCV x3, Engineering Bay  
  65  9:34  Engineering Bay  
  65  9:37  Marine x2  
  65  9:38  Marine  
  68  9:39  SCV x3  
  70  9:51  SCV  
  70  9:52  SCV  
  72  9:58  Medivac  
  72  9:59  Marine x2  
  75  10:00  Marine  
  75  10:01  Marine x8  
  83  10:10  Supply Depot x2  
  83  10:13  Supply Depot x2  
Show
View Real Time Build Order
Export as new Build Order

Cereal Terran 

Build Orders:  

Get SALT Encoding   

Show
View Real Time Build Order
Export as new Build Order

Empyreus Terran 

Build Orders:  

Get SALT Encoding   

Tags
 
Add a new tag
Caveats
  • Supply blocks, unpowered buildings, or Contaminate may cause inaccurate times.
  • Supply counts are checked every 10 seconds.